 Dungeon Crawl Stone Soup version 0.13-a0-2672-g649a1be (webtiles) character file.

169 M4edhros the Skirmisher (level 4, 0/29 HPs)
             Began as an Octopode Wanderer on Aug 12, 2013.
             Succumbed to a kobold's poison
             ... on Level 3 of the Dungeon.
             The game lasted 00:01:36 (1448 turns).

M4edhros the Skirmisher (Octopode Wanderer)         Turns: 1448, Time: 00:01:36

HP   0/29        AC  1     Str 11      XL: 4   Next: 12%
MP   8/8         EV 11     Int 15      God:
Gold 105         SH  0     Dex 11      Spells:  2 memorised,  8 levels left

Res.Fire  : . . .   See Invis. : .   c - +0 club
Res.Cold  : . . .   Warding    : .   (no shield)
Life Prot.: . . .   Conserve   : .   (helmet restricted)
Res.Poison: .       Res.Corr.  : .   (no amulet)
Res.Elec. : .       Clarity    : .   (no ring)
Sust.Abil.: . .     Spirit.Shd : .   (no ring)
Res.Mut.  : .       Stasis     : .   (no ring)
Res.Rott. : .       Flight     : .   (no ring)
Saprovore : . . .                    (no ring)
                                     (no ring)
                                     (no ring)
                                     (no ring)

@: mildly poisoned, slightly resistant to hostile enchantments, stealthy
A: almost no armour, amphibious, 8 rings, constrict 8, camouflage 1, AC +1
a: no special abilities


You were on level 3 of the Dungeon.
You were hungry.

You visited 1 branch of the dungeon, and saw 3 of its levels.

You collected 55 gold pieces.

Inventory:

Hand weapons
 c - a +0,+0 club (weapon)
Armour
 n - a +0 shield
Magical devices
 p - a wand of frost (11) {unknown}
Comestibles
 d - 2 bread rations
 f - a choko
Scrolls
 h - a scroll of curse armour {unknown}
 i - 4 scrolls of noise {unknown}
 k - a scroll of enchant armour {unknown}
 m - 2 scrolls of identify {unknown}
 o - a scroll of recharging {unknown}
Jewellery
 l - an uncursed ring of ice {unknown}
Books
 a - a book of Necromancy

   Spells                             Type                      Level
   *Pain                              Necromancy                   1
   Animate Skeleton                   Necromancy                   1
   Lethal Infusion                    Charms/Necromancy            2
   Vampiric Draining                  Necromancy                   3
   Regeneration                       Charms/Necromancy            3
   Animate Dead                       Necromancy                   4
   Control Undead                     Necromancy                   4


   Skills:
 - Level 4.0 Fighting
 - Level 1.0 Throwing
 - Level 1.3 Stealth
   Level 1.0 Shields
 + Level 3.5 Spellcasting
 - Level 1.0 Necromancy
   Level 1.0 Air Magic


You had 8 spell levels left.
You knew the following spells:

 Your Spells              Type           Power        Failure   Level  Hunger
a - Freeze                Ice            #...         21%         1    None
b - Pain                  Necr           #...         14%         1    None


Dungeon Overview and Level Annotations

Branches:
Dungeon (3/27)

Altars:


Innate Abilities, Weirdness & Mutations

You cannot wear most types of armour.
You are amphibious.
You can wear up to eight rings at the same time.
You can use your tentacles to constrict many enemies at once.
Your skin changes colour to match your surroundings (Stlth).
Your rubbery body absorbs attacks (AC +1).


Message History

* * * LOW HITPOINT WARNING * * *
You feel sick.
You see here 19 stones.
You start resting.
* * * LOW HITPOINT WARNING * * *
You feel sick.
* * * LOW HITPOINT WARNING * * *
You feel sick.
You start resting.
* * * LOW HITPOINT WARNING * * *
You feel sick.
You start resting.
* * * LOW HITPOINT WARNING * * *
You feel sick.
* * * LOW HITPOINT WARNING * * *
You feel sick.
You start resting.
* * * LOW HITPOINT WARNING * * *
You feel sick.
You die...

#.# #.......# #.##
####'#### #..#
####...# ##.#
#..).### #.#
###(####### #.#
#.........# ###(#####
#..(......#
#.......###.........#
#......@#.'...).....+
#.........#.........#
#.......###.........#
.........#
#.........#
###.......#
#.........# #########
###########


There were no monsters in sight!

Vanquished Creatures
  3 adders
  A giant mite (D:1)
  2 giant geckos
  An ooze (D:1)
  An orc (D:3)
  2 giant cockroaches (D:3)
  2 hobgoblins (D:1)
  5 kobolds
  A quokka (D:3)
  3 bats
  A giant newt (D:2)
  3 goblins
  3 rats
28 creatures vanquished.

Notes
Turn   | Place    | Note
--------------------------------------------------------------
     0 | D:1      | M4edhros, the Octopode Wanderer, began the quest for the Orb.
     0 | D:1      | Reached XP level 1. HP: 12/12 MP: 2/2
     2 | D:1      | Learned a level 1 spell: Pain
   339 | D:1      | Reached XP level 2. HP: 16/18 MP: 3/3
   726 | D:2      | Reached XP level 3. HP: 17/23 MP: 5/5
  1135 | D:3      | Reached XP level 4. HP: 7/29 MP: 8/8
  1447 | D:3      | HP: 1/29 [poisoned by a kobold]
  1448 | D:3      | Succumbed to a kobold's poison

Action                   |  1- 3 |  4- 6 || total
-------------------------+-------+-------++-------
Melee: Club              |    62 |     5 ||    67
 Cast: Pain              |     2 |       ||     2
  Use: Potion            |     1 |     3 ||     4
 Stab: Sleeping          |     2 |     1 ||     3
